 Dungeon Sprint DCSS version 0.26-a0-695-g987792ac36 (webtiles) character file.

Game seed: 15780039348031096695

69643 mhtbhm the Politician (level 15, -2/120 HPs)
             Began as a Kobold Berserker on Oct 25, 2020.
             Was the Champion of Trog.
             Slain by a nagaraja
             ... wielding a +0 flail
              (13 damage)
             ... in the Dungeon (Sprint IX: "|||||||||||||||||||||||||||||").
             The game lasted 00:15:38 (6019 turns).

mhtbhm the Politician (Kobold Berserker)            Turns: 6019, Time: 00:15:38

Health: -2/120     AC: 31    Str: 19    XL:     15   Next: 75%
Magic:  15/15      EV: 18    Int:  9    God:    Trog [******]
Gold:   513        SH:  5    Dex: 15    Spells: 14/14 levels left

rFire    . . .     SeeInvis .   a - +6 quick blade (flame)
rCold    + . .     Faith    .   (shield restricted)
rNeg     + . .     Spirit   .   b - +5 chain mail {rC+}
rPois    .         Reflect  +   n - +1 helmet
rElec    .         Harm     .   i - +1 cloak
rCorr    +         Rampage  .   w - +2 pair of gloves {Str+3}
MR       ++...     NoTele   +   v - +0 pair of boots {run}
Stlth    ++++++....             r - amulet of reflection
HPRegen  0.30/turn              q - ring "Fanag" {rN+ MR+ rCorr Str-4 Slay+2}
MPRegen  0.14/turn              G - +4 ring of protection

@: berserk cooldown, constricted, quick
A: small, nightstalker 3, subdued magic 1
a: Berserk, Trog's Hand, Brothers in Arms, Renounce Religion


You were in the Dungeon.
You worshipped Trog.
Trog was exalted by your worship.
You visited 1 branch You collected 1890 gold pieces.
You spent 1377 gold pieces at shops.

Inventory:

Hand Weapons
 a - a +6 quick blade of flaming (weapon)
 E - the +9 rapier "Banisher" {vorpal, Int+4 SInv}
   (Trog gifted it to you in the Dungeon)

   It inflicts extra damage upon your enemies.
   It affects your intelligence (+4).
   It lets you see invisible.
Missiles
 D - a throwing net (quivered)
Armour
 b - a +5 chain mail of cold resistance (worn)
 i - a +1 cloak (worn)
 n - a +1 helmet (worn)
 v - a +0 pair of boots of running (worn)
 w - a +2 pair of gloves of strength (worn)
Jewellery
 q - the ring "Fanag" (left hand) {rN+ MR+ rCorr Str-4 Slay+2}
   (You found it in the Dungeon)

   [ring of resist corrosion]

   It affects your strength (-4).
   It affects your accuracy and damage with ranged weapons and melee attacks
   (+2).
   It protects you from negative energy.
   It affects your resistance to hostile enchantments.
   It provides partial protection from all sources of acid and corrosion.
 r - an amulet of reflection (around neck)
 y - an uncursed ring of protection from fire
 z - an uncursed ring of poison resistance
 B - an uncursed ring of protection from cold
 F - a +4 ring of evasion
 G - a +4 ring of protection (right hand)
 H - an uncursed amulet of regeneration
Wands
 k - a wand of iceblast (8)
 p - a wand of flame (16)
 x - a wand of enslavement (11)
Scrolls
 h - 3 scrolls of blinking
 j - 4 scrolls of remove curse
 l - 5 scrolls of enchant weapon
 m - a scroll of magic mapping
 s - 3 scrolls of identify
 t - 9 scrolls of enchant armour
 u - 4 scrolls of fog
Potions
 c - 8 potions of curing
 d - 6 potions of heal wounds
 e - a potion of haste
 f - 4 potions of magic
 g - a potion of berserk rage
 o - a potion of invisibility
 A - 2 potions of stabbing
 C - 3 potions of mutation


   Skills:
 + Level 23.8 Fighting
 O Level 27 Short Blades
 + Level 12.5 Armour
 + Level 19.2 Dodging
 + Level 20.5 Stealth
 + Level 5.9 Unarmed Combat
 + Level 3.9 Evocations


You had 14 spell levels left.
You didn't know any spells.
Your spell library was empty.

Dungeon Overview and Level Annotations

Branches:
Dungeon (1/1)

Altars:
Cheibriados
Dithmenos
Elyvilon
Fedhas
Gozag
Hepliaklqana
Kikubaaqudgha
Makhleb
Nemelex Xobeh
Okawaru
Qazlal
Ru
Sif Muna
Trog
Uskayaw
Vehumet
Wu Jian
Xom
Yredelemnul
Zin
The Shining One
Beogh
Jiyva
Lugonu

Shops:
D [[?[


Innate Abilities, Weirdness & Mutations

You are small and have problems with some larger weapons.
You are completely attuned to the shadows.
Your spells are a little easier to cast, but a little less powerful.


Message History

The nagaraja casts a spell.
The nagaraja seems to speed up.
The nagaraja hits you but does no damage.
The nagaraja constricts you.
You hit the nagaraja but do no damage.
The nagaraja is almost dead.
Unknown command.
The nagaraja's grasp on you weakens, but your attempt to escape fails.
The nagaraja hits you with a +0 flail.
* * * LOW HITPOINT WARNING * * *
x2 The nagaraja constricts you.
The nagaraja spits poison at you. The splash of poison hits you!
You are poisoned.
* * * LOW HITPOINT WARNING * * *
x2 The nagaraja constricts you.
You feel better.
You feel yourself speed up. The nagaraja hits you with a +0 flail!
You die...

▓▓▓▓▓▓▓▓▓▓▓▓▓
NNNN@)......▓
▓▓▓▓▓▓▓▓▓▓▓▓▓▓▓▓▓▓▓▓▓▓▓.▓
........................▓
▓▓▓▓▓▓▓▓▓▓▓▓▓▓▓▓▓▓▓▓▓▓▓▓▓
))...=.=.=.'............▓
▓▓▓▓▓▓▓▓▓▓▓▓▓▓▓▓▓▓▓▓▓▓▓.▓
........................▓
▓▓▓▓▓▓▓▓▓▓▓▓▓▓▓▓▓▓▓▓▓▓▓▓▓
)))).[).....)).)).......▓


You could see a naga warrior, 2 nagarajas and a naga mage (fast).

Vanquished Creatures
  Saint Roka (D)
  Jory (D)
  Rupert (D)
  Kirke (D)
  A tengu reaver (D)
  4 nagarajas (D)
  A frost giant (shapeshifter) (D)
  2 stone giants (D)
  An entropy weaver (D)
  2 ironheart preservers (D)
  A very ugly thing (D)
  An ettin (D)
  Snorg (D)
  A merfolk javelineer (D)
  Josephine (D)
  An ice dragon (D)
  A great orb of eyes (D)
  Erolcha (D)
  A rakshasa (D)
  A ghost crab (D)
  A spriggan air mage (D)
  A naga warrior (D)
  A hydra (D)
  3 centaur warriors (D)
  2 death yaks (D)
  2 ogre magi (D)
  Urug (D)
  A deep elf knight (D)
  A hell knight (D)
  A salamander mystic (D)
  A sea snake (D)
  A wizard (D)
  An unseen horror (D)
  2 mana vipers (D)
  A deep elf mage (D)
  7 orc knights (D)
  2 necromancers (D)
  3 ugly things (D)
  A manticore (D)
  2 orc sorcerers (D)
  A moth of wrath (D)
  2 cyclopes (D)
  A wolf spider (D)
  2 merfolk sirens (D)
  An elephant (D)
  A guardian serpent (shapeshifter) (D)
  A water nymph (D)
  2 guardian serpents (D)
  4 black mambas (D)
  A gargoyle (D)
  3 naga magi (D)
  2 cane toads (D)
  2 freezing wraiths (D)
  2 demonic crawlers (D)
  3 komodo dragons (D)
  5 yaktaurs (D)
  A merfolk (D)
  A jumping spider (D)
  A polar bear (D)
  3 hornets (D)
  A blink frog (D)
  4 slime creatures (D)
  2 bog bodies (D)
  A snapping turtle (D)
  A redback (D)
  2 tarantellas (D)
  7 yaks (D)
  3 wraiths (D)
  2 hogs (D)
  3 basilisks (D)
  2 water moccasins (D)
  A naga (D)
  An acid dragon (shapeshifter) (D)
  2 swamp drakes (D)
  A necrophage (D)
  2 ice beasts (D)
  11 orc warriors (D)
  A black bear (D)
  An ogre (D)
  A boggart (D)
  A centaur (D)
  6 bullfrogs (D)
  2 scorpions (D)
  6 orc priests (D)
  6 orc wizards (D)
  A worker ant (D)
  2 leopard geckos (D)
  14 orcs (D)
  A bat skeleton (D)
  A bat zombie (D)
  A giant cockroach (D)
  A jackal (D)
  2 kobolds (D)
  A quokka (D)
  2 rats (D)
195 creatures vanquished.

Vanquished Creatures (collateral kills)
  2 frost giants (D)
  An ironheart preserver (D)
  A yaktaur captain (D)
  An orc high priest (D)
  A deep elf archer (D)
  A komodo dragon (D)
7 creatures vanquished.

Vanquished Creatures (others)
  A boulder beetle (D)
  A human (D)
2 creatures vanquished.

Grand Total: 204 creatures vanquished

Notes
Turn   | Place    | Note
-------+----------+-------------------------------------------
     0 | D        | mhtbhm the Kobold Berserker began the quest for the Orb.
     0 | D        | Reached XP level 1. HP: 14/14 MP: 1/1
    16 | D        | Reached ** piety under Trog
   162 | D        | Noticed an ice beast
   163 | D        | Reached skill level 5 in Short Blades
   163 | D        | Reached XP level 2. HP: 20/20 MP: 2/2
   165 | D        | Reached *** piety under Trog
   174 | D        | Killed an ice beast
   174 | D        | Reached skill level 8 in Short Blades
   174 | D        | Reached XP level 3. HP: 28/28 MP: 3/3
   174 | D        | Reached XP level 4. HP: 32/32 MP: 4/4
   174 | D        | Reached XP level 5. HP: 37/37 MP: 5/5
   181 | D        | Found a roughly hewn altar of Beogh.
   181 | D        | Found a snail-covered altar of Cheibriados.
   181 | D        | Found a shadowy altar of Dithmenos.
   182 | D        | Found a white marble altar of Elyvilon.
   183 | D        | Found a blossoming altar of Fedhas.
   184 | D        | Found an opulent altar of Gozag.
   185 | D        | Found a hazy altar of Hepliaklqana.
   186 | D        | Found a viscous altar of Jiyva.
   187 | D        | Found an ancient bone altar of Kikubaaqudgha.
   188 | D        | Found a corrupted altar of Lugonu.
   189 | D        | Found a burning altar of Makhleb.
   190 | D        | Found a sparkling altar of Nemelex Xobeh.
   191 | D        | Found an iron altar of Okawaru.
   192 | D        | Found a stormy altar of Qazlal.
   193 | D        | Found a sacrificial altar of Ru.
   194 | D        | Found a shimmering blue altar of Sif Muna.
   195 | D        | Found a bloodstained altar of Trog.
   196 | D        | Found a hide-covered altar of Uskayaw.
   197 | D        | Found a radiant altar of Vehumet.
   198 | D        | Found an ornate altar of the Wu Jian Council.
   199 | D        | Found a shimmering altar of Xom.
   200 | D        | Found a basalt altar of Yredelemnul.
   201 | D        | Found a glowing silver altar of Zin.
   202 | D        | Found a glowing golden altar of the Shining One.
   474 | D        | Noticed an orc warrior
   474 | D        | Noticed a necrophage
   474 | D        | Noticed a bullfrog
   475 | D        | Noticed a centaur
   478 | D        | Killed a bullfrog
   478 | D        | Reached **** piety under Trog
   478 | D        | Reached skill level 9 in Short Blades
   478 | D        | Reached skill level 5 in Dodging
   478 | D        | Reached skill level 1 in Stealth
   484 | D        | Killed a necrophage
   484 | D        | Reached skill level 11 in Short Blades
   484 | D        | Reached XP level 6. HP: 44/44 MP: 6/6
   490 | D        | Killed an orc warrior
   490 | D        | Reached skill level 12 in Short Blades
   493 | D        | Reached XP level 7. HP: 51/51 MP: 7/7
   506 | D        | Reached ***** piety under Trog
   506 | D        | Reached skill level 13 in Short Blades
   551 | D        | Reached skill level 10 in Fighting
   558 | D        | Reached skill level 14 in Short Blades
   558 | D        | Reached XP level 8. HP: 58/58 MP: 8/8
   720 | D        | Got the ring "Fanag" {rN+ MR+ rCorr Str-4 Slay+2}
   741 | D        | Noticed a yak
   741 | D        | Noticed a basilisk
   751 | D        | Killed a basilisk
   751 | D        | Reached skill level 15 in Short Blades
   757 | D        | Killed a yak
   757 | D        | Reached ****** piety under Trog
   759 | D        | Received a gift from Trog
   759 | D        | Reached skill level 5 in Stealth
   760 | D        | Noticed a basilisk
   765 | D        | Noticed a black mamba
   767 | D        | Noticed a komodo dragon
   785 | D        | Killed a basilisk
   785 | D        | Reached skill level 16 in Short Blades
   785 | D        | Reached XP level 9. HP: 41/64 MP: 9/9
   790 | D        | Killed a black mamba
   795 | D        | Killed a komodo dragon
   998 | D        | Noticed a komodo dragon
  1001 | D        | Noticed a komodo dragon
  1004 | D        | Killed a komodo dragon
  1004 | D        | Reached skill level 17 in Short Blades
  1005 | D        | Noticed an elephant
  1006 | D        | Reached skill level 5 in Armour
  1006 | D        | Reached skill level 10 in Dodging
  1009 | D        | Received a gift from Trog
  1010 | D        | Noticed a komodo dragon
  1016 | D        | Killed a komodo dragon
  1017 | D        | Noticed a polar bear
  1026 | D        | Killed an elephant
  1026 | D        | Reached skill level 18 in Short Blades
  1026 | D        | Reached XP level 10. HP: 72/72 MP: 10/10
  1034 | D        | Killed a komodo dragon
  1182 | D        | Noticed a death yak
  1197 | D        | Killed a death yak
  1197 | D        | Reached skill level 19 in Short Blades
  1202 | D        | Noticed a death yak
  1208 | D        | Received a gift from Trog
  1221 | D        | Killed a death yak
  1224 | D        | Reached XP level 11. HP: 75/80 MP: 11/11
  1240 | D        | Got a jewelled short sword {god gift}
  1241 | D        | Identified the +3 short sword of Perfectionism {vorpal,
                  | rElec Int+4 Dex+2} (Trog gifted it to you in the Dungeon)
  1440 | D        | Noticed Urug
  1461 | D        | Killed Urug
  1461 | D        | Reached skill level 20 in Short Blades
  1575 | D        | Received a gift from Trog
  1592 | D        | Received a gift from Trog
  1608 | D        | Received a gift from Trog
  1673 | D        | Noticed an orc knight
  1683 | D        | Killed an orc knight
  1696 | D        | Received a gift from Trog
  1696 | D        | Reached skill level 15 in Fighting
  1768 | D        | Noticed an orc knight
  1768 | D        | Noticed an orc knight
  1780 | D        | Killed an orc knight
  1789 | D        | Killed an orc knight
  1794 | D        | Found Cyseg's Antique Armour Boutique.
  1797 | D        | Received a gift from Trog
  1798 | D        | Noticed an orc sorcerer
  1808 | D        | Gained mutation: Your spells are a little easier to cast,
                  | but a little less powerful. [a neqoxec]
  1814 | D        | Killed an orc sorcerer
  1814 | D        | Reached skill level 21 in Short Blades
  1816 | D        | Noticed an orc high priest
  1820 | D        | Noticed an orc knight
  1824 | D        | Noticed an orc sorcerer
  1830 | D        | Killed an orc high priest
  1937 | D        | Killed an orc knight
  2191 | D        | Killed an orc sorcerer
  2216 | D        | Found Zischeg's Magic Scroll Shop.
  2218 | D        | Found Wifaecon's Antique Armour Boutique.
  2220 | D        | Found Gayse's Antique Armour Shop.
  2224 | D        | Noticed an orc knight
  2225 | D        | Noticed an orc knight
  2228 | D        | Killed an orc knight
  2228 | D        | Received a gift from Trog
  2230 | D        | Killed an orc knight
  2230 | D        | Reached XP level 12. HP: 90/90 MP: 12/12
  2245 | D        | Bought a pair of shimmering gloves for 209 gold pieces
  2255 | D        | Identified the cursed -2 pair of gloves "Haubb" {+Fly} (You
                  | bought it in a shop in the Dungeon)
  2264 | D        | Bought a pair of runed boots for 225 gold pieces
  2274 | D        | Identified a +0 pair of boots of running (You bought it in
                  | a shop in the Dungeon)
  2286 | D        | Bought a pair of glowing gloves for 195 gold pieces
  2286 | D        | Bought a pair of embroidered gloves for 195 gold pieces
  2320 | D        | Bought a scroll of identify for 28 gold pieces
  2320 | D        | Bought a scroll of enchant armour for 105 gold pieces
  2320 | D        | Bought a scroll of enchant armour for 105 gold pieces
  2320 | D        | Bought a scroll of enchant armour for 105 gold pieces
  2320 | D        | Bought a scroll of enchant weapon for 105 gold pieces
  2320 | D        | Bought a scroll of magic mapping for 49 gold pieces
  2320 | D        | Bought a scroll of fog for 28 gold pieces
  2320 | D        | Bought a scroll of fog for 28 gold pieces
  2400 | D        | Noticed Erolcha
  2409 | D        | Killed Erolcha
  2510 | D        | Noticed a centaur warrior
  2511 | D        | Noticed a centaur warrior
  2517 | D        | Killed an unseen horror
  2517 | D        | Reached skill level 1 in Evocations
  2525 | D        | Killed a centaur warrior
  2525 | D        | Reached skill level 22 in Short Blades
  2529 | D        | Killed a centaur warrior
  2533 | D        | Received a gift from Trog
  2533 | D        | Reached skill level 10 in Stealth
  2541 | D        | Noticed a frost giant
  2558 | D        | Noticed a tengu reaver
  2560 | D        | HP: 2/91 [frost giant/+3 battleaxe of freezing (9)]
  2572 | D        | Killed a frost giant
  2956 | D        | Killed a tengu reaver
  3072 | D        | Received a gift from Trog
  3087 | D        | Noticed a hell knight
  3105 | D        | Killed a hell knight
  3105 | D        | Reached skill level 23 in Short Blades
  3122 | D        | Noticed a centaur warrior
  3133 | D        | Killed a centaur warrior
  3133 | D        | Reached XP level 13. HP: 69/97 MP: 13/13
  3269 | D        | Received a gift from Trog
  3273 | D        | Got a masterwork rapier {god gift}
  3274 | D        | Identified the +3 rapier of Courage {vorpal, MR+ Int+3
                  | SInv} (Trog gifted it to you in the Dungeon)
  3342 | D        | Noticed Josephine
  3350 | D        | Reached skill level 10 in Armour
  3357 | D        | Killed Josephine
  3387 | D        | Noticed Saint Roka
  3388 | D        | Received a gift from Trog
  3417 | D        | Killed Saint Roka
  3417 | D        | Reached skill level 15 in Dodging
  3569 | D        | Received a gift from Trog
  3569 | D        | Reached skill level 24 in Short Blades
  3575 | D        | Noticed a nagaraja
  3595 | D        | Killed a nagaraja
  3595 | D        | Received a gift from Trog
  3717 | D        | Noticed a merfolk javelineer
  3719 | D        | Killed a merfolk javelineer
  3719 | D        | Received a gift from Trog
  3733 | D        | Received a gift from Trog
  3755 | D        | Reached XP level 14. HP: 88/108 MP: 14/14
  3760 | D        | Got a smouldering rapier {god gift}
  3761 | D        | Identified the +2 rapier of Dissolution {vorpal, +Blink rC+
                  | rN+} (Trog gifted it to you in the Dungeon)
  3828 | D        | Received a gift from Trog
  3844 | D        | Reached skill level 25 in Short Blades
  3862 | D        | Received a gift from Trog
  3969 | D        | Reached skill level 15 in Stealth
  4004 | D        | Received a gift from Trog
  4073 | D        | Noticed Kirke
  4101 | D        | Killed Kirke
  4101 | D        | Received a gift from Trog
  4101 | D        | Reached skill level 1 in Unarmed Combat
  4185 | D        | Noticed a stone giant
  4187 | D        | Noticed a stone giant
  4201 | D        | Killed a stone giant
  4216 | D        | Killed a stone giant
  4217 | D        | Noticed a frost giant
  4218 | D        | Received a gift from Trog
  4248 | D        | Killed a frost giant
  4404 | D        | Noticed a purple very ugly thing
  4405 | D        | Noticed a quicksilver dragon
  4416 | D        | Noticed an azure jelly
  4416 | D        | a quicksilver dragon changed into an azure jelly
  4419 | D        | Noticed a stone giant
  4419 | D        | an azure jelly changed into a stone giant
  4423 | D        | Received a gift from Trog
  4423 | D        | Reached skill level 26 in Short Blades
  4432 | D        | Killed a purple very ugly thing
  4432 | D        | Noticed a frost giant
  4432 | D        | a stone giant changed into a frost giant
  4442 | D        | Killed a frost giant
  4507 | D        | Received a gift from Trog
  4525 | D        | HP: 1/110 [spriggan air mage/bolt of lightning (25)]
  4860 | D        | Received a gift from Trog
  4897 | D        | Noticed an ironheart preserver
  4903 | D        | Reached XP level 15. HP: 74/116 MP: 15/15
  4931 | D        | Received a gift from Trog
  5241 | D        | Killed an ironheart preserver
  5269 | D        | Received a gift from Trog
  5295 | D        | Got a bone rapier {god gift}
  5296 | D        | Identified the +9 rapier "Banisher" {vorpal, Int+4 SInv}
                  | (Trog gifted it to you in the Dungeon)
  5325 | D        | Noticed an ironheart preserver
  5332 | D        | Reached skill level 27 in Short Blades
  5341 | D        | Noticed an ironheart preserver
  5346 | D        | Killed an ironheart preserver
  5371 | D        | Killed an ironheart preserver
  5371 | D        | Received a gift from Trog
  5653 | D        | Noticed Rupert
  5657 | D        | Killed Rupert
  5657 | D        | Reached skill level 5 in Unarmed Combat
  5672 | D        | Noticed Jory
  5676 | D        | Killed Jory
  5676 | D        | Received a gift from Trog
  5682 | D        | Noticed Snorg
  5686 | D        | Killed Snorg
  5922 | D        | Noticed a nagaraja
  5931 | D        | Killed a nagaraja
  5945 | D        | Received a gift from Trog
  5961 | D        | Noticed a nagaraja
  5965 | D        | Noticed a nagaraja
  5982 | D        | Killed a nagaraja
  5993 | D        | Killed a nagaraja
  5993 | D        | Received a gift from Trog
  5996 | D        | Noticed a nagaraja
  6000 | D        | Noticed a nagaraja
  6018 | D        | HP: 5/120 [nagaraja/+0 flail (2)]
  6019 | D        | Slain by a nagaraja

Illustrated notes

Levels and vault maps discovered:
D:        linesprint [early_d, line_temple, items_1, d_10, items_2, lair_1,
          lair_end, items_3, orc_1, orc_end, items_4, d_15, swamp_1, shoals_1,
          snake_1, spider_1, d_20, vaults_1, items_5, swamp_end, shoals_end,
          snake_end, spider_end, vaults_end, d_27, items_6, zot_1, zot_end,
          crypt_end, forest_end, elf_end, slime_end, tomb_end, abyss_end,
          pan_hell_end]

Skill      XL: |  1  2  3  4  5  6  7  8  9 10 11 12 13 14 15 |
---------------+----------------------------------------------+-----
Fighting       | 4 6 8 9 10 11 12 14 16 18 20 21 23 | 23.8
Short Blades   | 5 8 11 12 14 16 18 19 21 23 24 26 27 | 27.0
Dodging        | 4 5 6 7 9 10 11 13 14 15 17 19 | 19.2
Armour         | 2 3 4 5 6 8 9 11 12 | 12.5
Stealth        | 2 4 5 7 8 11 14 18 20 | 20.5
Evocations     | 1 2 3 |  3.9
Unarmed Combat | 3 5 |  5.9

Action                   |  1- 3 |  4- 6 |  7- 9 | 10-12 | 13-15 || total
-------------------------+-------+-------+-------+-------+-------++-------
Melee: Short sword       |    21 |     2 |       |    42 |       ||    65
       Rapier            |       |    14 |    89 |    70 |    40 ||   213
       Quick blade       |       |       |       |   202 |   549 ||   751
       Unarmed           |       |       |       |       |    10 ||    10
       Punch             |       |       |       |       |     7 ||     7
Invok: Berserk           |     2 |     1 |     3 |     7 |    10 ||    23
       Brothers in Arms  |       |       |     1 |     2 |     5 ||     8
Evoke: Wand              |       |       |       |     1 |     1 ||     2
  Use: Potion            |       |       |     1 |       |     4 ||     5
       Scroll            |       |       |       |     3 |     2 ||     5
 Stab: Sleeping          |     1 |       |     1 |     2 |    15 ||    19
Armor: Ring mail         |       |     3 |    16 |    12 |    44 ||    75
       Swamp dragon scal |       |       |       |    10 |       ||    10
       Chain mail        |       |       |       |       |    11 ||    11
Dodge: Dodged            |    12 |    11 |    26 |    74 |   182 ||   305
Block: Other             |       |       |    10 |    25 |    43 ||    78
       Reflection        |       |       |       |       |     4 ||     4

Table legend: (Time is in decaauts)
 A = Elapsed time spent in this place.
 B = Non-inter-level travel time spent in this place.
 C = Inter-level travel time spent in this place.
 D = Time resting spent in this place.
 E = Time spent auto-exploring this place.
 F = Levels seen in this place.
 G = Mean time per level.
                   A        B        C        D        E       F      G
               +--------+--------+--------+--------+--------+-----+--------+
         Total |   5395 |   5395 |      0 |   2652 |    711 |   1 | 5395.0 |
       Dungeon |   5395 |   5395 |      0 |   2652 |    711 |   1 | 5395.0 |
               +--------+--------+--------+--------+--------+-----+--------+

Top non-repeatable levels by time:
       D: 5395 daAuts
